 Dungeon Crawl Stone Soup version 0.21.0-3-g78d12a8 (webtiles) character file.

41193 shmeve the Blocker (level 13, -10/122 HPs)
             Began as a Minotaur Berserker on Jan 18, 2018.
             Was a High Priest of Trog.
             Mangled by Rupert
             ... wielding a +1 great mace of crushing
              (18 damage)
             ... on level 14 of the Dungeon.
             The game lasted 00:32:15 (13413 turns).

shmeve the Blocker (Minotaur Berserker)            Turns: 13413, Time: 00:32:15

Health: -10/122    AC: 18    Str: 37    XL:     13   Next: 78%
Magic:  4/4        EV: 12    Int:  7    God:    Trog [*****.]
Gold:   564        SH: 15    Dex:  8    Spells: 12/12 levels left

rFire    + . .     SeeInvis +   M - +5 hand axe "Kesoakhe" {antimagic, rElec rN+}
rCold    + . .     Gourm    .   v - +0 shield
rNeg     + . .     Faith    .   D - +0 plate armour
rPois    .         Spirit   .   B - +1 hat {SInv}
rElec    +         Reflect  .   H - scarf {rC+ rF+}
rCorr    .         Harm     .   V - +2 pair of gloves of the Tormentor {Str+10 Int+3}
MR       ++...                  (no boots)
Stlth    ..........             (no amulet)
HPRegen  1.30/turn              (no ring)
MPRegen  0.09/turn              (no ring)

@: berserk cooldown, regenerating, slowed, very slow
A: retaliatory headbutt, horns 2, clumsy 1
a: Berserk, Trog's Hand, Brothers in Arms, Burn Spellbooks, Renounce Religion


You were on level 14 of the Dungeon.
You worshipped Trog.
Trog was extremely pleased with you.
You were very hungry.

You visited 1 branch of the dungeon, and saw 14 of its levels.
You also visited: Bailey.

You collected 1032 gold pieces.
You spent 468 gold pieces at shops.

Inventory:

Hand Weapons
 M - the +5 hand axe "Kesoakhe" (weapon) {antimagic, rElec rN+}
   (You found it on level 10 of the Dungeon)

   It reduces the magical energy of the wielder, and disrupts the spells and
   magical abilities of those hit.
   Natural abilities and divine invocations are not affected.
   It insulates you from electricity.
   It protects you from negative energy.
Missiles
 r - 8 silver javelins (quivered)
 K - 6 javelins of returning
Armour
 v - a +0 shield (worn)
 B - a +1 hat of see invisible (worn)
 D - a +0 plate armour (worn)
 H - a scarf of resistance (worn)
 V - the +2 pair of gloves of the Tormentor (worn) {Str+10 Int+3}
   (You found it on level 12 of the Dungeon)

   It affects your strength (+10).
   It affects your intelligence (+3).
Jewellery
 e - an uncursed ring of flight {unknown}
 h - an uncursed ring of wizardry {unknown}
 x - an uncursed ring of protection from cold {unknown}
 E - an uncursed ring of magical power {unknown}
 I - an uncursed ring of protection from magic {unknown}
 J - an uncursed ring of magical power {unknown}
 N - a cursed +3 amulet of reflection {unknown}
Wands
 k - a wand of flame (130)
 w - a wand of paralysis (5)
 A - a wand of digging (6)
Scrolls
 a - a scroll of random uselessness {unknown}
 b - 4 scrolls of fear {unknown}
 f - 8 scrolls of remove curse
 i - 2 scrolls of enchant weapon {unknown}
 n - 3 scrolls of immolation {unknown}
 o - 6 scrolls of magic mapping
 s - 8 scrolls of identify
 t - 4 scrolls of enchant armour {unknown}
 y - a scroll of amnesia {unknown}
 S - 3 scrolls of teleportation {unknown}
Potions
 d - 7 potions of degeneration {unknown}
 g - 3 potions of brilliance {unknown}
 j - 11 potions of curing
 l - a potion of ambrosia {unknown}
 m - 2 potions of might {unknown}
 p - 7 potions of magic {unknown}
 q - 2 potions of cancellation {unknown}
 u - 3 potions of flight {unknown}
 z - 2 potions of lignification {unknown}
 C - 3 potions of agility {unknown}
 F - 2 potions of haste
 G - 7 potions of heal wounds
 P - 3 potions of mutation {unknown}
 Q - a potion of berserk rage
 R - a potion of experience {unknown}
Miscellaneous
 L - a lamp of fire
 U - a sack of spiders
Comestibles
 c - 28 rations
 O - 3 chunks of flesh


   Skills:
 * Level 13.2 Fighting
 * Level 13.3 Axes
 + Level 7.9 Throwing
 + Level 9.8 Armour
 + Level 8.9 Dodging
 * Level 14.6 Shields


You had 12 spell levels left.
You didn't know any spells.

Dungeon Overview and Level Annotations

Branches:
Dungeon (14/15)            Temple (0/1) D:5            Lair (0/6) D:10
    Orc (0/2) D:12
 Vaults: D:13-14

Altars:
Ashenzari
Dithmenos
Elyvilon
Gozag
Kikubaaqudgha
Qazlal
Sif Muna
Trog
Uskayaw
Vehumet
Xom

Shops:
D:7 ?   D:11 !

Annotations:
D:8 Psyche
D:14 Rupert


Innate Abilities, Weirdness & Mutations

You reflexively headbutt those who attack you in melee.
You have a pair of horns on your head.
You are clumsy. (Dex -2)


Message History

The centaur warrior wields an uncursed longbow.
The centaur warrior shoots an arrow.
The arrow hits you!
* * * LOW HITPOINT WARNING * * *
Rupert shouts, "I'm a great and powerful hero!"
Your iron troll bites the centaur warrior!!!
The centaur warrior dies!
Trog accepts your kill. Rupert roars wildly at you.
You struggle to resist.
You hear a shout!
A vault guard comes into view. It is wielding a halberd.
The vault guard shouts!
An orc priest comes into view. It is wielding a hand axe.
You see here 2 arrows.
Your skin crawls.
You feel resistant to hostile enchantments.
You feel somewhat more hungry.
Your iron troll bites Rupert.
Your iron troll claws Rupert!
Your iron troll barely misses Rupert.
Rupert hits you with a great mace of crushing!!
You die...

... #.# .o##############
##.## ................
....# +................
....# #................
....+ #................
....# .......TO)......
##.## .......)@.c.....
##.####.##'##...@##'##...
#.....#.....#..[.# ..
#.....#.....#..).+ ...
#.....#...(.#)...# ...
#.....#.....#)...# ..
+.....#.... #....# #
####.##..####.).p#
...#.##..#....#'##
...#...†.#...÷#...


You could see Rupert, a vault guard, a two-headed ogre, a centaur, an orc priest
and a friendly iron troll (berserk).

Vanquished Creatures
  Gastronok (D:9)
  Kirke (D:13)
  Agnes (D:14)
  Snorg (D:10)
  A vault guard (D:14)
  A catoblepas (D:13)
  3 centaur warriors
  4 two-headed ogres
  2 tengu warriors
  An ogre mage (D:14)
  2 unseen horrors
  An orc knight (Bailey)
  Pikel (D:8)
  3 deep elf magi
  9 ugly things
  A cyclops (shapeshifter) (D:12)
  A cyclops (D:13)
  Joseph (D:8)
  A centaur zombie (D:11)
  A gargoyle (D:13)
  2 kobold demonologists (D:13)
  8 trolls
  A slime creature (D:12)
  A harpy skeleton (D:14)
  6 hippogriffs
  Grinder (D:3)
  A spriggan (D:7)
  2 yaks (D:12)
  A vampire (D:10)
  A wraith (D:10)
  3 wyverns
  7 hogs (D:13)
  4 hungry ghosts
  2 basilisks
  A steam dragon (D:14)
  6 vampire mosquitoes
  Edmund (D:5)
  2 acid dragons (D:13)
  2 hell hounds (D:10)
  A water moccasin (D:9)
  Duvessa (D:4)
  5 sky beasts
  4 slaves (D:8)
  12 orc warriors
  2 ice beasts
  3 black bears
  A necrophage (D:11)
  10 ogres
  2 phantoms
  17 centaurs
  A crocodile (D:11)
  7 big kobolds
  9 bullfrogs
  Dowan (D:4)
  4 scorpions
  23 killer bees
  14 wights
  6 howler monkeys
  8 crimson imps
  3 bullfrog zombies
  2 quasits
  A jelly (D:8)
  2 bullfrog skeletons
  9 orc priests
  10 hounds
  Jessica (D:3)
  6 centaur skeletons
  Ijyb (D:4)
  Terence (D:2)
  8 iguanas
  6 orc wizards
  7 worker ants
  A hound zombie (D:9)
  2 hound skeletons
  2 worker ant zombies (D:10)
  Robin (D:2)
  A howler monkey skeleton (D:8)
  16 gnolls
  16 adders
  3 shadow imps
  An adder skeleton (D:7)
  An adder zombie (D:9)
  5 worms
  2 dart slugs
  6 leopard geckos
  49 orcs
  12 giant cockroaches
  21 goblins
  24 hobgoblins
  16 jackals
  46 kobolds
  4 quokkas
  2 ball pythons
  7 bats
  5 frilled lizards
  A giant cockroach zombie (D:5)
  A leopard gecko skeleton (D:4)
  A leopard gecko zombie (D:8)
  9 rats
532 creatures vanquished.

Vanquished Creatures (collateral kills)
  A two-headed ogre (D:14)
  A centaur warrior (D:14)
2 creatures vanquished.

Vanquished Creatures (others)
  A kobold (D:13)
1 creature vanquished.

Grand Total: 535 creatures vanquished

Notes
Turn   | Place    | Note
-------+----------+-------------------------------------------
     0 | D:1      | shmeve the Minotaur Berserker began the quest for the Orb.
     0 | D:1      | Reached XP level 1. HP: 19/19 MP: 0/0
   160 | D:1      | Reached XP level 2. HP: 27/27 MP: 1/1
   325 | D:1      | Reached ** piety under Trog
   526 | D:1      | Reached XP level 3. HP: 33/33 MP: 2/2
   577 | D:2      | Noticed Terence
   585 | D:2      | Reached skill level 1 in Throwing
   587 | D:2      | Noticed Robin
   589 | D:2      | Killed Terence
   589 | D:2      | Reached XP level 4. HP: 41/41 MP: 3/3
   593 | D:2      | Killed Robin
   675 | D:2      | Found a bloodstained altar of Trog.
   838 | D:2      | Found a faded altar of an unknown god.
  1162 | D:3      | Reached skill level 5 in Fighting
  1162 | D:3      | Reached XP level 5. HP: 27/48 MP: 4/4
  1174 | D:3      | Reached skill level 5 in Axes
  1188 | D:3      | Reached *** piety under Trog
  1436 | D:3      | Found a shattered altar of Ashenzari.
  1480 | D:3      | Noticed Grinder
  1487 | D:3      | Killed Grinder
  1487 | D:3      | Reached XP level 6. HP: 48/57 MP: 5/5
  1767 | D:3      | Noticed Jessica
  1778 | D:3      | Killed Jessica
  2116 | D:4      | Reached skill level 1 in Shields
  2162 | D:4      | Reached skill level 2 in Shields
  2162 | D:4      | Reached XP level 7. HP: 48/62 MP: 6/6
  2179 | D:4      | Reached skill level 3 in Shields
  2617 | D:4      | Reached **** piety under Trog
  2620 | D:4      | Noticed Duvessa
  2621 | D:4      | Noticed Dowan
  2624 | D:4      | Paralysed by Dowan for 7 turns
  2638 | D:4      | Killed Duvessa
  2638 | D:4      | Reached skill level 4 in Shields
  2641 | D:4      | Killed Dowan
  2641 | D:4      | Reached skill level 5 in Shields
  2665 | D:4      | Noticed Ijyb
  2671 | D:4      | Killed Ijyb
  2807 | D:4      | Found a shadowy altar of Dithmenos.
  2914 | D:5      | Entered Level 5 of the Dungeon
  2982 | D:5      | Found a staircase to the Ecumenical Temple.
  2999 | D:5      | Noticed Edmund
  3002 | D:5      | Reached skill level 6 in Shields
  3018 | D:5      | Killed Edmund
  3018 | D:5      | Reached XP level 8. HP: 44/70 MP: 7/7
  3200 | D:5      | Reached skill level 7 in Shields
  3570 | D:5      | Reached skill level 8 in Shields
  3701 | D:5      | Reached skill level 9 in Shields
  3783 | D:5      | Found a shimmering altar of Xom.
  4146 | D:6      | Found a stormy altar of Qazlal.
  4184 | D:6      | Reached XP level 9. HP: 55/78 MP: 8/8
  4409 | D:6      | Found a hide-covered altar of Uskayaw.
  4422 | D:6      | Received a gift from Trog
  4741 | D:6      | Found a shimmering altar of Xom.
  4858 | D:7      | Reached skill level 10 in Shields
  4884 | D:7      | Found Mucufoqa's Magic Scroll Shop.
  4923 | D:7      | You fall through a shaft!
  4923 | D:8      | Noticed a two-headed ogre
  4928 | D:8      | Killed a two-headed ogre
  4928 | D:8      | Reached skill level 5 in Armour
  4938 | D:8      | Reached skill level 5 in Dodging
  5221 | D:7      | Bought a scroll of magic mapping for 42 gold pieces
  5221 | D:7      | Bought a scroll of remove curse for 36 gold pieces
  5221 | D:7      | Bought a scroll of remove curse for 36 gold pieces
  5221 | D:7      | Bought a scroll of remove curse for 36 gold pieces
  5221 | D:7      | Bought a scroll of identify for 24 gold pieces
  5221 | D:7      | Bought a scroll of magic mapping for 42 gold pieces
  5245 | D:7      | Reached XP level 10. HP: 52/88 MP: 9/9
  6272 | D:8      | Reached ***** piety under Trog
  6276 | D:8      | Found a shimmering altar of Xom.
  6313 | D:8      | Noticed Joseph
  6329 | D:8      | Killed Joseph
  6329 | D:8      | Reached skill level 11 in Shields
  6439 | D:8      | Noticed Pikel
  6467 | D:8      | Killed Pikel
  6501 | D:8      | Received a gift from Trog
  6546 | D:8      | Noticed Psyche
  6846 | D:9      | Noticed Gastronok
  6863 | D:9      | Killed Gastronok
  6863 | D:9      | Received a gift from Trog
  6863 | D:9      | Reached skill level 5 in Throwing
  6863 | D:9      | Reached XP level 11. HP: 57/99 MP: 10/10
  7227 | D:9      | Received a gift from Trog
  7228 | D:9      | Reached skill level 10 in Axes
  7410 | D:9      | Reached skill level 10 in Fighting
  7416 | D:9      | Reached skill level 12 in Shields
  7535 | D:9      | Found an ancient bone altar of Kikubaaqudgha.
  7535 | D:9      | Found a radiant altar of Vehumet.
  7536 | D:9      | Found a deep blue altar of Sif Muna.
  7540 | D:9      | Found a white marble altar of Elyvilon.
  7616 | D:9      | Found a radiant altar of Vehumet.
  7708 | D:9      | Received a gift from Trog
  7815 | D:10     | Entered Level 10 of the Dungeon
  7815 | D:10     | Found a staircase to the Lair.
  8081 | D:10     | Noticed Snorg
  8095 | D:10     | Killed Snorg
  8095 | D:10     | Received a gift from Trog
  8265 | D:10     | Found a flagged portal.
  8281 | D:10     | Got a translucent hand axe
  8284 | D:10     | Identified the +5 hand axe "Kesoakhe" {antimagic, rElec rN+} (You found it on level 10 of the Dungeon)
  8287 | Bailey   | Entered a bailey
  8298 | Bailey   | Gained mutation: You are clumsy. (Dex -2) [mutagenic glow]
  8437 | Bailey   | Noticed an orc knight
  8510 | Bailey   | Killed an orc knight
  9227 | D:11     | Found Zoille's Distillery.
  9235 | D:11     | Bought a potion of heal wounds for 70 gold pieces
  9235 | D:11     | Bought a potion of haste for 140 gold pieces
  9235 | D:11     | Bought a potion of curing for 42 gold pieces
  9312 | D:11     | Noticed a white ugly thing
  9324 | D:11     | Killed a white ugly thing
  9383 | D:11     | Reached XP level 12. HP: 100/108 MP: 3/11
 10017 | D:11     | Reached skill level 13 in Shields
 10294 | D:12     | Received a gift from Trog
 10455 | D:12     | Noticed a tengu warrior
 10470 | D:12     | Killed a tengu warrior
 10722 | D:12     | Found a large runed door.
 10722 | D:12     | Found a large runed door.
 11001 | D:12     | Found a large runed door.
 11001 | D:12     | Found a large runed door.
 11068 | D:12     | Noticed a two-headed ogre
 11081 | D:12     | Killed a two-headed ogre
 11096 | D:12     | Got a pair of crude gloves
 11107 | D:12     | Identified the +2 pair of gloves of the Tormentor {Str+10 Int+3} (You found it on level 12 of the Dungeon)
 11208 | D:12     | Found a staircase to the Orcish Mines.
 11222 | D:12     | Reached ****** piety under Trog
 11505 | D:12     | Received a gift from Trog
 11819 | D:13     | Noticed a tengu warrior
 11835 | D:13     | Killed a tengu warrior
 11879 | D:13     | Noticed a catoblepas
 11896 | D:13     | Killed a catoblepas
 11896 | D:13     | Reached XP level 13. HP: 104/118 MP: 4/12
 12563 | D:13     | Found an opulent altar of Gozag.
 12622 | D:13     | Noticed Kirke
 12628 | D:13     | Reached skill level 14 in Shields
 12639 | D:13     | Killed Kirke
 13341 | D:14     | Received a gift from Trog
 13365 | D:14     | Noticed Agnes
 13388 | D:14     | Killed Agnes
 13407 | D:14     | Noticed Rupert
 13412 | D:14     | HP: 6/122 [centaur warrior/arrow (7)]
 13413 | D:14     | Mangled by Rupert

Skill      XL: |  1  2  3  4  5  6  7  8  9 10 11 12 13 |
---------------+----------------------------------------+-----
Fighting       | 4 5 6 8 9 10 12 13 | 13.2
Axes           | 4 5 6 8 9 11 12 13 | 13.3
Throwing       | 1 2 3 4 5 6 7 |  7.9
Armour         | 3 4 5 6 7 9 |  9.8
Dodging        | 3 4 5 6 7 8 |  8.9
Shields        | 2 6 9 10 11 12 13 14 | 14.6

Action                   |  1- 3 |  4- 6 |  7- 9 | 10-12 | 13-15 || total
-------------------------+-------+-------+-------+-------+-------++-------
Melee: Hand axe          |    55 |    18 |       |   440 |   168 ||   681
       Headbutt          |     9 |    23 |    51 |   158 |    38 ||   279
       War axe           |       |   112 |   253 |   361 |       ||   726
Throw: Tomahawk          |       |       |     9 |     5 |       ||    14
       Javelin           |       |       |       |    35 |     2 ||    37
Invok: Berserk           |     1 |     3 |     5 |    11 |     3 ||    23
       Trog's Hand       |       |       |     1 |     2 |     2 ||     5
       Burn Spellbooks   |       |       |       |     2 |       ||     2
       Brothers in Arms  |       |       |       |       |     1 ||     1
 Stab: Sleeping          |     1 |       |       |       |       ||     1
       Petrified         |       |       |       |     5 |     4 ||     9
       Petrifying        |       |       |       |     2 |       ||     2
  Eat: Chunk             |       |     8 |    16 |    31 |     5 ||    60
       Ration            |       |       |       |     2 |     1 ||     3
Armor: Animal skin       |    14 |       |       |       |       ||    14
       Chain mail        |       |   100 |    60 |       |       ||   160
       Plate armour      |       |       |    87 |   355 |    36 ||   478
Dodge: Dodged            |    43 |    84 |   122 |   270 |    43 ||   562
Block: Shield            |       |       |   117 |   576 |    96 ||   789
